 Dungeon Crawl Stone Soup version 0.22.0-49-gab54619 (webtiles) character file.

82 Lilu the Shooter (level 4, -8/26 HPs)
             Began as a Deep Elf Hunter on Sept 5, 2018.
             Was an Initiate of Fedhas.
             Mangled by a gnoll
             ... wielding a +0 whip
              (9 damage)
             ... on level 1 of the Dungeon.
             The game lasted 00:08:11 (2172 turns).

Lilu the Shooter (Deep Elf Hunter)                  Turns: 2172, Time: 00:08:12

Health: -8/26      AC:  3    Str: 10    XL:     4   Next: 21%
Magic:  6/6        EV: 13    Int: 16    God:    Fedhas [......]
Gold:   119        SH:  0    Dex: 15    Spells: 3/3 levels left

rFire    . . .     SeeInvis .   e - +4 hand axe
rCold    . . .     Gourm    +   (no shield)
rNeg     . . .     Faith    .   c - +0 leather armour
rPois    .         Spirit   .   (no helmet)
rElec    .         Reflect  .   (no cloak)
rCorr    .         Harm     .   (no gloves)
MR       .....                  (no boots)
Stlth    ++........             i - amulet of the gourmand
HPRegen  0.08/turn              (no ring)
MPRegen  0.10/turn              (no ring)

@: no status effects
A: no striking features
a: Fungal Bloom, Renounce Religion


You were on level 1 of the Dungeon.
You worshipped Fedhas.
Fedhas was noncommittal.
You were not hungry.

You visited 1 branch of the dungeon, and saw 2 of its levels.

You collected 119 gold pieces.

Inventory:

Hand Weapons
 a - a +1 shortbow
 b - a +0 short sword
 e - a +4 hand axe (weapon)
 h - a +0 mace
Missiles
 d - 4 arrows
 o - 24 sling bullets
 p - 42 stones (quivered)
Armour
 c - a +0 leather armour (worn)
Jewellery
 i - an amulet of the gourmand (around neck)
Scrolls
 j - a scroll of identify {unknown}
 k - a scroll of teleportation {unknown}
 m - a scroll of remove curse {unknown}
 n - a scroll of enchant armour {unknown}
Potions
 g - a potion of haste
 l - a potion of brilliance {unknown}
Comestibles
 f - a ration


   Skills:
 + Level 2.1 Fighting
 * Level 5.6 Bows
 + Level 3.2 Dodging
 - Level 1.2 Stealth


You had 3 spell levels left.
You didn't know any spells.
Your spell library was empty.

Dungeon Overview and Level Annotations

Branches:
Dungeon (2/15)

Altars:
Fedhas
Qazlal
Yredelemnul
Zin


Message History

The gnoll misses you. x2; The gnoll closely misses you.
You climb upwards.
There is a stone staircase leading down here.
Your leather armour prevents you from hitting the gnoll.
The gnoll is moderately wounded.
You hit the gnoll. The gnoll misses you. The gnoll hits you with a whip.
The gnoll barely misses you.
You hit the gnoll.
The gnoll is almost dead.
You hit the gnoll. The gnoll hits you with a whip!
The gnoll hits you with a whip. The gnoll hits you with a whip!
* * * LOW HITPOINT WARNING * * *
You hit the gnoll.
You kill the gnoll!
You hit the gnoll. The gnoll closely misses you.
You barely miss the gnoll.
The gnoll is heavily wounded.
The gnoll hits you with a whip!
You die...
Fedhas appreciates your contribution to the ecosystem.

##############
#.........g@.#
#.##########)# # #.#
#.# ######.#######
#.# .............#
#.#
..#.##.#####.####.##
#..#.#.............#
..#................#
######..####.###...#


You could see a gnoll.

Vanquished Creatures
  Terence (D:2)
  A gnoll (D:1)
  A leopard gecko (D:2)
  5 orcs (D:2)
  A ball python (D:2)
  4 giant cockroaches
  3 hobgoblins
  3 jackals (D:1)
  2 kobolds (D:1)
  A quokka (D:2)
  5 bats
  3 frilled lizards (D:1)
  2 goblins (D:1)
  8 rats
  A spectral orc (D:2)
41 creatures vanquished.

Vanquished Creatures (others)
  3 toadstools (D:2)
3 creatures vanquished.

Grand Total: 44 creatures vanquished

Notes
Turn   | Place    | Note
-------+----------+-------------------------------------------
     0 | D:1      | Lilu the Deep Elf Hunter began the quest for the Orb.
     0 | D:1      | Reached XP level 1. HP: 12/12 MP: 3/3
   213 | D:1      | Reached XP level 2. HP: 16/17 MP: 4/4
   345 | D:1      | Reached skill level 5 in Bows
   703 | D:2      | Found a stormy altar of Qazlal.
   724 | D:2      | Found a glowing silver altar of Zin.
   748 | D:2      | Found a basalt altar of Yredelemnul.
   834 | D:2      | Found a blossoming altar of Fedhas.
   843 | D:2      | Became a worshipper of Fedhas Madash
   870 | D:2      | Reached XP level 3. HP: 19/21 MP: 5/5
  1100 | D:2      | Noticed Terence
  1114 | D:2      | Killed Terence
  1114 | D:2      | Reached XP level 4. HP: 6/26 MP: 6/6
  2170 | D:1      | HP: 1/26 [gnoll/whip (7)]
  2172 | D:1      | Mangled by a gnoll

Skill      XL: |  1  2  3 |
---------------+----------+-----
Bows           | 5 |  5.6
Fighting       | 2 |  2.1
Dodging        | 3 |  3.2
Stealth        | |  1.2

Action                   |  1- 3 |  4- 6 || total
-------------------------+-------+-------++-------
Melee: Hand axe          |    16 |    11 ||    27
 Fire: Shortbow          |    95 |       ||    95
Invok: Fungal Bloom      |       |     2 ||     2
 Stab: Sleeping          |     1 |     1 ||     2
  Eat: Ration            |       |     1 ||     1
       Chunk             |       |     1 ||     1
Armor: Leather armour    |    10 |     2 ||    12
Dodge: Dodged            |    32 |    18 ||    50
